 Dungeon Crawl Stone Soup version 0.27-a0-1158-gaa87e14f67 (webtiles) character file.

Game seed: 2485883360687207788

128 Elric the Caller (level 5, -4/28 HPs)
             Began as a Kobold Summoner on May 15, 2021.
             Slain by an orc
             ... wielding a +0 flail
              (8 damage)
             ... on level 4 of the Dungeon.
             The game lasted 00:10:16 (4427 turns).

Elric the Caller (Kobold Summoner)                  Turns: 4427, Time: 00:10:17

Health: -4/28      AC:  2    Str:  5    XL:     5   Next: 34%
Magic:  2/8        EV: 15    Int: 17    God:
Gold:   156        SH:  0    Dex: 16    Spells: 3/9 levels left

rFire    . . .     SeeInvis .   b - +0 trident
rCold    . . .     Faith    .   (shield currently unavailable)
rNeg     . . .     Spirit   .   a - +0 robe
rPois    .         Reflect  .   (no helmet)
rElec    .         Harm     .   (no cloak)
rCorr    .         Rampage  .   (no gloves)
Will     .....                  (no boots)
Stlth    +++.......             (no amulet)
HPRegen  0.09/turn              (no ring)
MPRegen  0.11/turn              (no ring)

@: no status effects
A: small, no large weapons, nightstalker 3
a: no special abilities


You were on level 4 of the Dungeon.
You visited 1 branch of the dungeon, and saw 4 of its levels.

You collected 156 gold pieces.

Inventory:

Hand Weapons
 b - a +0 trident (weapon)
Armour
 a - a +0 robe (worn)
 c - a +0 kite shield
Jewellery
 o - a ring of see invisible
 s - an amulet of reflection
Wands
 p - a wand of mindburst (10)
Scrolls
 d - a scroll of identify {unknown}
 f - a scroll of immolation {unknown}
 i - a scroll of fear {unknown}
 k - a scroll of teleportation {unknown}
 l - a scroll of enchant armour {unknown}
 r - a scroll of blinking {unknown}
Potions
 e - a potion of lignification {unknown}
 g - a potion of flight {unknown}
 h - 2 potions of attraction {unknown}
 j - 3 potions of curing {unknown}
 m - a potion of might {unknown}
 n - a potion of degeneration {unknown}
 q - a potion of brilliance {unknown}
 t - a potion of invisibility {unknown}


   Skills:
 + Level 0.8 Fighting
 + Level 2.8 Dodging
 - Level 2.6 Stealth
 + Level 2.5 Spellcasting
 * Level 5.9 Summonings


You had 3 spell levels left.
You knew the following spells:

 Your Spells              Type           Power      Damage    Failure   Level
a - Summon Small Mammal   Summ           88%        N/A       1%          1
b - Call Imp              Summ           22%        N/A       2%          2
c - Call Canine Familiar  Summ           22%        N/A       4%          3

Your spell library contained the following spells:

 Spells                   Type           Power      Damage    Failure   Level
 Summon Guardian Golem    Hex/Summ       12%        N/A       16%         3
 Animate Skeleton         Necr           4%         N/A       19%         1
 Magic Dart               Conj           8%         1d3       19%         1
 Pain                     Necr           8%         1d4       19%         1
 Blink                    Tloc           N/A        N/A       28%         2
 Slow                     Hex            2%         N/A       28%         2
 Conjure Flame            Conj/Fire      2%         6-21      50%         3
 Mephitic Cloud           Conj/Pois/Air  2%         N/A       50%         3
 Vampiric Draining        Necr           1%         2d6       50%         3
 Summon Ice Beast         Ice/Summ       12%        N/A       47%         4
 Summon Lightning Spire   Summ/Air       12%        N/A       47%         4
 Animate Dead             Necr           1%         N/A       88%         4
 Agony                    Necr           2%         N/A       99%         5


Dungeon Overview and Level Annotations

Branches:
Dungeon (4/15)
 Temple: D:4-7

Altars:
Vehumet

Annotations:
D:3 exclusion: statue
D:4 Duvessa


Innate Abilities, Weirdness & Mutations

You are small and have problems with some larger weapons.
You are completely attuned to the shadows.


Message History

Reach: b) +0 trident
Press: ? - help, Dir - move target, f - orc priest, p - orc
Aim: an orc priest, wielding a +0 short sword and wearing a +0 leather armour (about 43% to evade your +0 trident)
The orc is in the way.
You closely miss the orc.
Your crimson imp barely misses the orc.
The orc closely misses you.
The orc priest hits your crimson imp with a +0 short sword.
Your crimson imp barely misses the orc.
The orc barely misses your crimson imp.
The orc priest invokes the aid of Beogh against you.
Beogh smites you!
Your crimson imp hits the orc but does no damage.
The orc closely misses your crimson imp.
Your white imp hits the orc but does no damage.
Your crimson imp hits the orc but does no damage.
Casting: Call Imp (safe; 2% risk of failure)
Confirm with . or Enter, or press ? or * to list all spells.
A beastly little devil appears in a puff of flame.
Your crimson imp blinks!
You closely miss the orc priest.
An ice beast comes into view.
You swap places.
The orc priest hits your crimson imp with a +0 short sword.
Something hits your crimson imp.
Your crimson imp closely misses the orc priest.
The orc misses you.
Casting: Call Imp (safe; 2% risk of failure)
Confirm with . or Enter, or press ? or * to list all spells.
A beastly little devil appears in a puff of flame.
Your white imp completely misses the orc priest.
The orc priest calls down the wrath of Beogh upon you.
Beogh smites you!
Ouch! That really hurt!
* * * LOW HITPOINT WARNING * * *
Something hits your crimson imp but does no damage.
Your crimson imp hits the orc priest but does no damage.
Your crimson imp blinks!
Your white imp hits the orc priest but does no damage.
The orc priest hits your crimson imp with a +0 short sword.
Your crimson imp hits the orc priest but does no damage.
The orc hits you with a +0 flail!
You die...

..### #
.................
.....
..#####.#####.......
..##. #.......#
#....... ..#
###.>#.## #.......
...# #.....# #.....
...# ##..#.##
#....5## ....oo5.#
......#@###
.......Yo..#
......5### ...##)#
.#. #.# #.. ...


You could see an ice beast, an orc priest (ally target), 2 orcs, 2 friendly
crimson imps and a friendly white imp (summoned).

Vanquished Creatures
  2 ball pythons
  4 bats
  A goblin (D:3)
  A hobgoblin (D:1)
  5 jackals
  A kobold (D:1)
  3 quokkas (D:1)
  A frilled lizard (D:1)
  4 rats
22 creatures vanquished.

Vanquished Creatures (collateral kills)
  A scorpion (D:4)
  5 adders
  3 dart slugs
  An orc (D:4)
  6 bats
  8 endoplasms
  8 goblins
  2 hobgoblins (D:2)
  4 jackals
  5 kobolds
  3 quokkas
  5 ball pythons
  4 frilled lizards
  7 rats
62 creatures vanquished.

Grand Total: 84 creatures vanquished

Notes
Turn   | Place    | Note
-------+----------+-------------------------------------------
     0 | D:1      | Elric the Kobold Summoner began the quest for the Orb.
     0 | D:1      | Reached XP level 1. HP: 10/10 MP: 3/3
   264 | D:1      | Reached XP level 2. HP: 10/15 MP: 0/5
   571 | D:1      | Reached XP level 3. HP: 19/19 MP: 6/6
   574 | D:1      | Learned a level 2 spell: Call Imp
   578 | D:1      | Learned a level 3 spell: Call Canine Familiar
  1439 | D:1      | Reached skill level 5 in Summonings
  2409 | D:2      | Reached XP level 4. HP: 24/24 MP: 3/7
  3107 | D:3      | Found a faded altar of an unknown god.
  3646 | D:3      | Found a radiant altar of Vehumet.
  3648 | D:3      | Noticed a charred statue
  4077 | D:4      | Noticed a scorpion
  4091 | D:4      | Killed a scorpion
  4092 | D:4      | Reached XP level 5. HP: 28/28 MP: 2/8
  4093 | D:4      | Noticed Duvessa
  4424 | D:4      | Noticed an ice beast
  4427 | D:4      | Slain by an orc

Illustrated notes

Levels and vault maps discovered:
D:1:      onia_arrival_handbag, layout_basic
D:2:      layout_loops_cross
D:3:      layout_rooms, vehumet_statue,
          shapermc_ecumenical_altar_mp_urbaneastern
D:4:      layout_rooms, uniq_blork_the_orc, uniq_eustachio,
          uniq_crazy_yiuf_cottage, uniq_duvessa

Skill      XL: |  1  2  3 |
---------------+----------+-----
Summonings     | 5 |  5.9
Fighting       | |  0.8
Dodging        | |  2.8
Stealth        | |  2.6
Spellcasting   | |  2.5

Action                   |  1- 3 |  4- 6 || total
-------------------------+-------+-------++-------
Melee: Trident           |    44 |    13 ||    57
 Cast: Summon Small Mamm |    23 |       ||    23
       Call Imp          |    26 |    47 ||    73
       Call Canine Famil |     2 |     1 ||     3
 Stab: Sleeping          |     8 |     8 ||    16
       Distracted        |     2 |       ||     2
Armor: Robe              |    11 |     4 ||    15
Dodge: Dodged            |    57 |    22 ||    79

Table legend: (Time is in decaauts)
 A = Elapsed time spent in this place.
 B = Non-inter-level travel time spent in this place.
 C = Inter-level travel time spent in this place.
 D = Time resting spent in this place.
 E = Time spent auto-exploring this place.
 F = Levels seen in this place.
 G = Mean time per level.
                   A        B        C        D        E       F      G
               +--------+--------+--------+--------+--------+-----+--------+
         Total |   4447 |   4307 |    140 |      0 |   3449 |   4 | 1111.8 |
       Dungeon |   4447 |   4307 |    140 |      0 |   3449 |   4 | 1111.8 |
               +--------+--------+--------+--------+--------+-----+--------+

Top non-repeatable levels by time:
     D:1: 1522 daAuts
     D:3: 1437 daAuts
     D:2: 1236 daAuts
     D:4: 252 daAuts
